 Dungeon Crawl Stone Soup version 0.26.1-11-gd32895ea62 (webtiles) character file.

Game seed: 16707602586063471693

409 Zeld the Cutter (level 6, -3/37 HPs)
             Began as a Tengu Gladiator on Aug 31, 2021.
             Slain by a centaur (4 damage)
             ... on level 4 of the Dungeon.
             The game lasted 00:07:52 (5534 turns).

Zeld the Cutter (Tengu Gladiator)                   Turns: 5534, Time: 00:07:52

Health: -3/37      AC:  5    Str: 16    XL:     6   Next: 89%
Magic:  7/7        EV: 12    Int:  8    God:
Gold:   313        SH:  4    Dex: 16    Spells: 5/5 levels left

rFire    . . .     SeeInvis .   t - +1 dagger (venom)
rCold    . . .     Faith    .   q - +0 buckler
rNeg     . . .     Spirit   .   n - +0 ring mail
rPois    .         Reflect  .   c - +0 hat
rElec    .         Harm     .   (no cloak)
rCorr    .         Rampage  .   (no gloves)
Will     .....                  (boots unavailable)
Stlth    +.........             (no amulet)
HPRegen  0.12/turn              (no ring)
MPRegen  0.10/turn              (no ring)

@: no status effects
A: beak, talons 3, able to fly
a: Fly


You were on level 4 of the Dungeon.
You visited 1 branch of the dungeon, and saw 4 of its levels.

You collected 313 gold pieces.

Inventory:

Hand Weapons
 a - a +0 rapier
 t - a +1 dagger of venom (weapon)
Missiles
 d - 5 throwing nets
 j - 288 stones (quivered)
Armour
 c - a +0 hat (worn)
 n - a +0 ring mail (worn)
 q - a +0 buckler (worn)
Wands
 b - a wand of acid (3)
 u - a wand of disintegration (21)
Scrolls
 e - a scroll of amnesia {unknown}
 g - 2 scrolls of identify {unknown}
 h - 3 scrolls of teleportation {unknown}
 l - 2 scrolls of fog {unknown}
 s - a scroll of blinking {unknown}
 v - a scroll of remove curse {unknown}
Potions
 f - a potion of might {unknown}
 i - 2 potions of mutation {unknown}
 k - a potion of degeneration {unknown}
 m - 2 potions of heal wounds {unknown}
 o - a potion of berserk rage {unknown}
 p - a potion of ambrosia {unknown}
 r - a potion of resistance {unknown}


   Skills:
 * Level 3.5 Fighting
 * Level 4.6 Short Blades
 * Level 3.5 Throwing
 + Level 2.2 Armour
 + Level 4.1 Dodging
 + Level 1.8 Stealth
 + Level 1.6 Shields


You had 5 spell levels left.
You didn't know any spells.
Your spell library was empty.

Dungeon Overview and Level Annotations

Branches:
Dungeon (4/15)
 Temple: D:4-7

Altars:
Makhleb
Vehumet


Innate Abilities, Weirdness & Mutations

You have a beak for a mouth.
You have claws for feet.
You can fly continuously.


Message History

You see here an arrow.
A centaur is nearby!
The centaur shoots an arrow.
The arrow hits you but does no damage.
You see here an arrow.
The centaur shoots an arrow.
You block the arrow.
The centaur shoots an arrow.
The arrow hits you!
You see here 2 arrows.
The centaur shoots an arrow.
The arrow hits you!
You see here an arrow.
You start resting.
The centaur shoots an arrow.
The arrow hits you!
* * * LOW HITPOINT WARNING * * *
The centaur unwields a +0 shortbow.
The centaur hits you.
* * * LOW HITPOINT WARNING * * *
You see here an arrow.
You hit the centaur.
The centaur is poisoned.
You claw the centaur. Your peck misses the centaur.
The centaur is moderately wounded.
The centaur hits you.
You die...

######### #
#.......# #.#
#.......# ..
######.......##.#...
...........((c......
#####....(.@##.##..
#......##..(#
.....###.#!....#
##.. #.#.....# #
#.#.....# #.#.....#
#.#.....# #.#.....#
#.#.[...#


You could see a centaur (very poisoned).

Vanquished Creatures
  A centaur skeleton (D:3)
  2 orc priests
  A jelly (D:3)
  Terence (D:3)
  A worker ant (D:3)
  An orc wizard (D:3)
  5 gnolls (D:3)
  4 adders
  2 oozes
  A worm (D:2)
  3 orcs (D:3)
  29 goblins
  33 hobgoblins
  3 jackals (D:4)
  3 quokkas (D:3)
  5 bats
  3 frilled lizards (D:3)
  9 kobolds
  7 rats
114 creatures vanquished.

Notes
Turn   | Place    | Note
-------+----------+-------------------------------------------
     0 | D:1      | Zeld the Tengu Gladiator began the quest for the Orb.
     0 | D:1      | Reached XP level 1. HP: 12/12 MP: 2/2
   777 | D:2      | Reached XP level 2. HP: 17/17 MP: 3/3
  1319 | D:2      | Reached XP level 3. HP: 21/22 MP: 4/4
  2126 | D:3      | Reached skill level 1 in Armour
  2547 | D:3      | Reached XP level 4. HP: 26/27 MP: 5/5
  2555 | D:2      | HP: 1/27 [orc priest/divine providence (13)]
  2558 | D:2      | Reached skill level 1 in Stealth
  2968 | D:3      | Reached skill level 1 in Shields
  2968 | D:3      | Gained mutation: You can fly continuously. [Tengu growth]
  2968 | D:3      | Reached XP level 5. HP: 31/32 MP: 6/6
  3038 | D:3      | Noticed Terence
  3050 | D:3      | Killed Terence
  3339 | D:3      | Found a radiant altar of Vehumet.
  3620 | D:3      | Reached XP level 6. HP: 37/37 MP: 7/7
  5473 | D:4      | Found a burning altar of Makhleb.
  5533 | D:4      | HP: 1/37 [centaur (1)]
  5534 | D:4      | Slain by a centaur

Illustrated notes

Levels and vault maps discovered:
D:1:      onia_arrival_mini_spirals, layout_loops_ring, nrook_loot_triangle
D:2:      layout_basic
D:3:      minmay_goblin_kobold_castle, layout_basic, general_overflow_altar,
          minivault_27, uniq_terence
D:4:      layout_basic, bloody_makhleb, minmay_misc_feat_plants, minivault_5,
          st_stairs_8, uniq_blork_the_orc

Skill      XL: |  1  2  3  4  5  6 |
---------------+-------------------+-----
Armour         | 1 2 |  2.2
Stealth        | 1 |  1.8
Short Blades   | 4 |  4.6
Shields        | 1 |  1.6
Fighting       | 3 |  3.5
Throwing       | 3 |  3.5
Dodging        | 4 |  4.1

Action                   |  1- 3 |  4- 6 || total
-------------------------+-------+-------++-------
Melee: Rapier            |    60 |     6 ||    66
       Kick              |    17 |    62 ||    79
       Peck              |     9 |    38 ||    47
       Dagger            |       |   172 ||   172
Throw: Stone             |    53 |    32 ||    85
 Abil: Fly               |       |     1 ||     1
       Stop Flying       |       |     1 ||     1
Armor: Leather armour    |     4 |       ||     4
       Ring mail         |    12 |    31 ||    43
Dodge: Dodged            |    39 |   101 ||   140
Block: Buckler           |     9 |    50 ||    59
